 Dungeon Crawl Stone Soup version 0.31-a0-344-gd109795599 (webtiles) character file.

Game seed: 11219890725824356866

39 GordonOverkill the Sneak (level 3, 0/29 HPs)
             Began as a Mummy Delver on July 22, 2023.
             Shot with an arrow by a centaur (12 damage)
             ... on level 6 of the Dungeon.
             The game lasted 00:01:38 (283 turns).

GordonOverkill the Sneak (Mummy Delver)              Turns: 283, Time: 00:01:39

Health: 0/29       AC:  3    Str: 15    XL:     3   Next: 28%
Magic:  3/3        EV: 11    Int:  6    God:
Gold:   0          SH:  0    Dex: 13    Spells: 2/2 levels left

rFire   x . .        g - +2 whip of Valiance {heavy, rN+ Will+ Int-5}
rCold   + . .        (no shield)
rNeg    + + +        b - +0 leather armour
rPois   ∞            (no helmet)
rElec   .            (no cloak)
rCorr   .            (no gloves)
SInv    .            (no boots)
Will    +....        (no amulet)
Stlth   ++           (no ring)
HPRegen 0.24/turn    (no ring)
MPRegen 0.08/turn

%: faith
@: no status effects
A: cold resistance 1, negative energy resistance 3, torment resistance 2, heat
vulnerability 1, in touch with death 1, no potions, faith
a: no special abilities


You were on level 6 of the Dungeon.
You visited 1 branch of the dungeon, and saw 2 of its levels.

Inventory:

Hand Weapons
 a - a +0 mace
 g - the +2 whip of Valiance (weapon) {heavy, rN+ Will+ Int-5}
   (You found it on level 6 of the Dungeon)

   Int:       It affects your intelligence (-5).
   rN:        It protects you from negative energy.
   Will:      It increases your willpower.
Missiles
 h - 2 poisoned darts (quivered)
Armour
 b - a +0 leather armour (worn)
Wands
 f - a wand of digging (3)
Scrolls
 c - a scroll of fog
 d - a scroll of revelation
 e - a scroll of fear


   Skills:
 - Level 3.0 Fighting
 - Level 2.0 Maces & Flails
 + Level 1.3 Throwing
 - Level 1.5 Dodging
 + Level 4.5 Stealth


You had 2 spell levels left.
You didn't know any spells.
Your spell library was empty.

Dungeon Overview and Level Annotations

Branches:
Dungeon (6/15)
 Temple: D:4-7

Altars:


Innate Abilities, Weirdness & Mutations

You are immune to poison.
Your flesh is cold resistant. (rC+)
You are immune to negative energy. (rN+++)
You are immune to unholy pain and torment.
You are vulnerable to heat. (rF-)
You are in touch with the powers of death.
You do not drink.
You have a special connection with the divine. (Faith)


Message History

* * * LOW HITPOINT WARNING * * *
The howler monkey hits you!
* * * LOW HITPOINT WARNING * * *
You hit the howler monkey.
The howler monkey is severely wounded.
The howler monkey hits you but does no damage.
You closely miss the howler monkey.
The howler monkey is severely wounded.
The howler monkey closely misses you.
The howler monkey hits you but does no damage.
You hit the howler monkey.
You kill the howler monkey!
Training target 2.0 for Maces & Flails reached!
Your Maces & Flails skill increases to level 2!
Your Throwing skill increases to level 1!
You have reached level 2!
You have reached level 3!
Your experience leads to an increase in your attributes!
Increase (S)trength, (I)ntelligence, or (D)exterity?
You feel clever. x2
You feel more in touch with the powers of death.
There is a stone staircase leading up here.
You start resting.
HP restored.
Things that are here:
a +0 whip; an orc corpse
Okay, then.
You can't drink.
Unknown command.
You feel stupid.
g - the +2 whip of Valiance (weapon)
{heavy, rN+ Will+ Int-5}
Found a dented zirconium amulet.
A centaur comes into view.
The centaur moves out of view.
The centaur wields a +0 orcbow.
The centaur shoots an arrow.
The arrow hits you!
Ouch! That really hurt!
* * * LOW HITPOINT WARNING * * *
The centaur shoots an arrow.
The arrow hits you!
You die...

#.##........................
#...........<...............
##...#####.................
##### ##................
##...............
#...............
##.............
#.#.......... #.#@.........
#..#......... #..#........
#...."....c. ###.........
###....... #...... ......


You could see a centaur.

Vanquished Creatures
  A howler monkey (D:6)
  An orc (D:6)
2 creatures vanquished.

Notes
Turn   | Place    | Note
-------+----------+-------------------------------------------
     0 | D:5      | GordonOverkill the Mummy Delver began the quest for the
                  | Orb.
     0 | D:5      | Reached XP level 1. HP: 18/18 MP: 1/1
    12 | D:6      | Identified the +2 whip of Valiance {heavy, rN+ Will+ Int-5}
    40 | D:6      | Noticed a howler monkey
    51 | D:6      | Killed a howler monkey
    52 | D:6      | Reached skill level 1 in Throwing
    52 | D:6      | Reached XP level 2. HP: 4/24 MP: 2/2
    52 | D:6      | Gained mutation: You are in touch with the powers of death.
                  | [Mummy growth]
    52 | D:6      | Reached XP level 3. HP: 5/29 MP: 3/3
   281 | D:6      | Noticed a centaur
   283 | D:6      | Shot with an arrow by a centaur

Illustrated notes

Levels and vault maps discovered:
D:5:      layout_loops_corners
D:6:      layout_layer_cave, general_overflow_altar, minmay_temple_entry_arrows

Skill      XL: |  1 |
---------------+----+-----
Maces & Flails | 2 |  2.0
Throwing       | 1 |  1.3
Fighting       | |  3.0
Dodging        | |  1.5
Stealth        | |  4.5

Action                     || total
---------------------------++-------
  Melee: Mace              ||    10
 Armour: Leather armour    ||     4
  Dodge: Dodged            ||     4

Table legend: (Time is in decaauts)
 A = Elapsed time spent in this place.
 B = Non-inter-level travel time spent in this place.
 C = Inter-level travel time spent in this place.
 D = Time resting spent in this place.
 E = Time spent auto-exploring this place.
 F = Levels seen in this place.
 G = Mean time per level.
                   A        B        C        D        E       F      G
               +--------+--------+--------+--------+--------+-----+--------+
         Total |    285 |    285 |      0 |     89 |      0 |   2 |  142.5 |
       Dungeon |    285 |    285 |      0 |     89 |      0 |   2 |  142.5 |
               +--------+--------+--------+--------+--------+-----+--------+

Top non-repeatable levels by time:
     D:6: 278 daAuts
     D:5: 7 daAuts
